 Dungeon Crawl Stone Soup version 0.23.1 (webtiles) character file.

Game seed: 0

10794 Freyura the Cleaver (level 11, -3/102 HPs)
             Began as a Hill Orc Monk on Mar 10, 2019.
             Was a Priest of Beogh.
             Slain by an orc warrior
             ... wielding a +0 long sword
              (6 damage)
             ... on level 11 of the Dungeon.
             The game lasted 00:55:59 (11617 turns).

Freyura the Cleaver (Hill Orc Monk)                Turns: 11617, Time: 00:55:59

Health: -3/102     AC: 19    Str: 19    XL:     11   Next: 67%
Magic:  0/16       EV:  8    Int: 10    God:    Beogh [***...]
Gold:   623        SH:  3    Dex: 20    Spells: 10/10 levels left

rFire    . . .     SeeInvis .   M - +3 war axe
rCold    + . .     Gourm    .   (no shield)
rNeg     . . .     Faith    .   m - +1 plate armour
rPois    +         Spirit   +   q - +0 helmet
rElec    .         Reflect  +   l - scarf {Spirit}
rCorr    .         Harm     .   (no gloves)
MR       .....                  J - +1 pair of boots
Stlth    ..........             t - +3 amulet of reflection
HPRegen  0.27/turn              P - ring "Zuatepre" {rPois rC+ Dex+4}
MPRegen  0.15/turn              e - +4 ring of strength

@: no status effects
A: no striking features
a: Smiting, Renounce Religion


You were on level 11 of the Dungeon.
You worshipped Beogh.
Beogh was most pleased with you.
You were near starving.

You visited 2 branches of the dungeon, and saw 12 of its levels.
You also visited: Sewer and Ossuary.

You collected 795 gold pieces.
You spent 172 gold pieces at shops.

Inventory:

Hand Weapons
 M - a +3 war axe (weapon)
Armour
 l - a scarf of spirit shield (worn)
 m - a +1 plate armour (worn)
 q - a +0 helmet (worn)
 r - a +0 cloak
 J - a +1 pair of boots (worn)
Jewellery
 e - a +4 ring of strength (right hand)
 p - a +4 ring of strength
 t - a +3 amulet of reflection (around neck)
 N - an uncursed ring of protection from magic
 P - the ring "Zuatepre" (left hand) {rPois rC+ Dex+4}
   (You found it on level 9 of the Dungeon)

   [ring of poison resistance]

   It affects your dexterity (+4).
   It protects you from cold.
   It protects you from poison.
Wands
 v - a wand of scattershot (6)
 x - a wand of polymorph (7)
 C - a wand of paralysis (18)
 F - a wand of acid (16)
 I - a wand of flame (13)
 O - a wand of random effects (49)
Scrolls
 a - 10 scrolls of remove curse
 c - a scroll of amnesia
 f - 7 scrolls of magic mapping
 g - 2 scrolls of enchant armour
 i - a scroll of torment {unknown}
 k - a scroll of immolation {unknown}
 n - a scroll of blinking {unknown}
 o - 9 scrolls of teleportation
 s - 5 scrolls of identify
 B - 2 scrolls of fear
 Q - a scroll of enchant weapon {unknown}
Potions
 b - a potion of lignification {unknown}
 d - 7 potions of curing
 h - 4 potions of heal wounds
 j - 3 potions of ambrosia
 u - 3 potions of flight
 z - 2 potions of haste
 A - a potion of magic {unknown}
 E - 2 potions of brilliance
 G - a potion of resistance
 H - 2 potions of mutation {unknown}
 K - 3 potions of might {unknown}
 L - 3 potions of agility


   Skills:
 + Level 11.3 Fighting
 + Level 14.6 Axes
 + Level 9.9 Armour
 - Level 2.4 Dodging
 - Level 1.5 Stealth
 + Level 7.7 Invocations


You had 10 spell levels left.
You didn't know any spells.
Your spell library contained the following spells:

 Spells                   Type           Power        Failure   Level  Hunger
 Confusing Touch          Hex            #.....       100%        1    ##.....
 Flame Tongue             Conj/Fire      #....        100%        1    ##.....
 Sting                    Conj/Pois      #...         100%        1    ##.....
 Poisonous Vapours        Pois/Air       #.....       100%        2    ###....
 Throw Flame              Conj/Fire      #.....       100%        2    ###....
 Confuse                  Hex            #.......     100%        3    ####...
 Conjure Flame            Conj/Fire      #.......     100%        3    ####...
 Gell's Gravitas          Tloc           #.........   100%        3    ####...
 Inner Flame              Hex/Fire       #.......     100%        3    ####...
 Mephitic Cloud           Conj/Pois/Air  #.......     100%        3    ####...
 Olgreb's Toxic Radiance  Pois           #.......     100%        4    #####..
 Petrify                  Tmut/Erth      #.......     100%        4    #####..
 Sticky Flame             Conj/Fire      #.......     100%        4    #####..
 Fireball                 Conj/Fire      #.........   100%        5    ######.
 Metabolic Englaciation   Hex/Ice        #.........   100%        5    ######.
 Venom Bolt               Conj/Pois      #.........   100%        5    ######.
 Yara's Violent Unravell  Hex/Tmut       #.........   100%        5    ######.


Dungeon Overview and Level Annotations

Branches:
Dungeon (11/15)            Temple (1/1) D:4            Lair (0/6) D:10
    Orc (0/2) D:9

Altars:
Ashenzari
Cheibriados
Dithmenos
Elyvilon
Fedhas
Gozag
Hepliaklqana
Kikubaaqudgha
Makhleb
Nemelex Xobeh
Okawaru
Qazlal
Ru
Sif Muna
Trog
Uskayaw
Vehumet
Wu Jian
Xom
Yredelemnul
Zin
The Shining One

Shops:
D:4 **

Portals:
Trove: D:10 (give +3 gold dragon scales)

Annotations:
D:3 2 runed translucent doors, Goblin1989's ghost, amateur DsWr
D:9 4 runed translucent doors


Message History

You kill the orc priest!
Beogh accepts your kill.
Beogh appreciates your killing of a heretic priest.
You closely miss the orc warrior.
The orc warrior is lightly wounded.
You hit the orc warrior but do no damage.
The orc warrior is lightly wounded.
The orc warrior hits you with a +0 long sword.
* * * LOW HITPOINT WARNING * * *
You hit the orc warrior.
The orc warrior is moderately wounded.
The orc warrior hits you but does no damage.
Your orc priest completely misses the orc warrior.
You closely miss the orc warrior.
The orc warrior is moderately wounded.
You hit the orc warrior but do no damage.
The orc warrior is moderately wounded.
The orc warrior hits you with a +0 long sword!
You die...
Beogh appreciates the orc warrior's killing of a heretic priest.

...... ...... ......
......####
.........#
.......o.#
......†o.# #@.#####
#......# #......# ..
+......# .....
#......# .....
#......#
.....###+####......#
...................#
...................#


You could see an orc warrior and a friendly orc priest.

Vanquished Creatures
  Harold (D:8)
  A hydra (D:11)
  2 two-headed ogres (D:9)
  2 ugly things
  A troll (D:10)
  A slime creature (D:9)
  5 hippogriffs
  3 yaks (D:9)
  2 wraiths (Ossuary)
  A wyvern (D:9)
  Sigmund (D:4)
  A steam dragon (D:9)
  2 hungry ghosts
  Menkaure (D:4)
  A water moccasin (D:8)
  3 necrophages
  5 ogres
  A sky beast (D:9)
  4 phantoms
  An ice beast (D:9)
  2 centaurs
  7 bullfrogs
  2 big kobolds (Sewer)
  A water moccasin zombie (D:5)
  5 scorpions
  8 killer bees
  A vampire bat (D:6)
  2 wights (Ossuary)
  2 centaur zombies
  2 crimson imps
  3 bullfrog zombies
  3 jellies
  2 orc priests
  Crazy Yiuf (D:3)
  8 hounds
  Natasha (twice) (D:4)
  2 bullfrog skeletons
  4 iguanas
  4 orc wizards
  5 worker ants
  3 hound skeletons
  4 gnolls (D:3)
  2 river rats (Sewer)
  21 adders
  A shadow imp (D:9)
  4 oozes
  3 adder zombies
  An adder skeleton (D:4)
  6 worms
  2 dart slugs
  5 leopard geckos
  26 orcs
  15 bats
  17 giant cockroaches
  8 hobgoblins
  20 jackals
  13 kobolds
  2 quokkas (D:6)
  5 ball pythons
  A ball python skeleton (Ossuary)
  5 frilled lizards
  4 goblins
  A hobgoblin skeleton (Ossuary)
  A kobold zombie (Ossuary)
  3 orc skeletons (Ossuary)
  An orc zombie (Ossuary)
  A quokka skeleton (D:4)
  14 rats
294 creatures vanquished.

Vanquished Creatures (collateral kills)
  A wyvern (D:11)
  A black bear (D:10)
  A sky beast (D:10)
  A worker ant (D:10)
4 creatures vanquished.

Vanquished Creatures (others)
  An orc warrior (D:11)
  An orc priest (D:11)
  2 orcs
4 creatures vanquished.

Grand Total: 302 creatures vanquished

Notes
Turn   | Place    | Note
-------+----------+-------------------------------------------
     0 | D:1      | Freyura the Hill Orc Monk began the quest for the Orb.
     0 | D:1      | Reached XP level 1. HP: 19/19 MP: 1/1
   159 | D:1      | Reached XP level 2. HP: 26/27 MP: 2/2
   233 | D:1      | Reached skill level 1 in Armour
   481 | D:1      | Reached XP level 3. HP: 33/33 MP: 3/3
   621 | D:2      | Reached skill level 5 in Axes
   955 | D:2      | Reached XP level 4. HP: 36/40 MP: 4/4
  1222 | D:2      | Found a shimmering altar of Xom.
  1734 | D:3      | Found a runed translucent door.
  1736 | D:3      | Noticed Goblin1989's ghost (amateur DsWr)
  1761 | D:3      | Reached XP level 5. HP: 26/47 MP: 5/5
  1764 | D:3      | Reached skill level 6 in Axes
  2509 | D:3      | Found a runed translucent door.
  2510 | D:3      | Noticed Crazy Yiuf
  2619 | D:3      | Found a runed translucent door.
  2813 | D:3      | Killed Crazy Yiuf
  2899 | D:4      | Reached skill level 5 in Fighting
  2899 | D:4      | Reached XP level 6. HP: 54/56 MP: 6/6
  2933 | D:4      | Reached skill level 7 in Axes
  2995 | D:4      | Found Rlusty's Retail Resort.
  2996 | D:4      | Found Eckiti's Lightly-Used Armoury.
  2999 | D:4      | Bought a +3 amulet of reflection for 172 gold pieces
  3024 | D:4      | Noticed Natasha
  3032 | D:4      | Killed Natasha
  3077 | D:4      | Found a staircase to the Ecumenical Temple.
  3090 | D:4      | Noticed an angel
  3137 | Temple   | Entered the Ecumenical Temple
  3470 | D:4      | Noticed Sigmund
  3477 | D:4      | Killed Sigmund
  3477 | D:4      | Reached XP level 7. HP: 55/61 MP: 7/7
  3493 | D:4      | Noticed a rust devil
  3598 | D:4      | Noticed Natasha
  3608 | D:4      | Noticed Menkaure
  3621 | D:4      | Killed Natasha
  3621 | D:4      | Reached skill level 8 in Axes
  3634 | D:4      | Killed Menkaure
  4211 | D:5      | Entered Level 5 of the Dungeon
  4536 | D:5      | Reached skill level 9 in Axes
  4633 | D:5      | Found a glowing drain.
  4649 | D:5      | Reached XP level 8. HP: 70/70 MP: 8/8
  4664 | Sewer    | Entered a sewer
  5313 | D:5      | Found a stormy altar of Qazlal.
  5345 | D:5      | Reached skill level 10 in Axes
  5345 | D:5      | Reached skill level 5 in Armour
  6045 | D:6      | Reached XP level 9. HP: 49/79 MP: 9/9
  6422 | D:6      | Reached skill level 11 in Axes
  7018 | D:7      | Reached skill level 12 in Axes
  7939 | D:8      | Became a worshipper of Beogh the Brigand
  7939 | D:8      | Reached * piety under Beogh
  7939 | D:8      | Reached ** piety under Beogh
  7958 | D:8      | Reached XP level 10. HP: 54/91 MP: 10/10
  8007 | D:8      | Reached skill level 1 in Invocations
  8020 | D:8      | Found a sand-covered staircase.
  8027 | Ossuary  | Entered an ossuary
  8291 | Ossuary  | Reached skill level 13 in Axes
  8555 | D:8      | Noticed Harold
  8571 | D:8      | Killed Harold
  9031 | D:9      | Found a large runed translucent door.
  9031 | D:9      | Found a large runed translucent door.
  9049 | D:9      | Found a large runed translucent door.
  9049 | D:9      | Found a large runed translucent door.
  9066 | D:9      | Noticed a two-headed ogre
  9083 | D:9      | Killed a two-headed ogre
  9083 | D:9      | Reached skill level 10 in Fighting
  9313 | D:9      | Reached skill level 5 in Invocations
  9319 | D:9      | Found a staircase to the Orcish Mines.
  9526 | D:9      | Reached XP level 11. HP: 68/101 MP: 15/15
  9879 | D:9      | Reached skill level 14 in Axes
 10106 | D:9      | Reached *** piety under Beogh
 10138 | D:9      | Got a pitted silver ring
 10168 | D:9      | Noticed a two-headed ogre
 10182 | D:9      | Killed a two-headed ogre
 10336 | D:9      | Identified the ring "Zuatepre" {rPois rC+ Dex+4} (You found
                  | it on level 9 of the Dungeon)
 10370 | D:9      | Noticed a white ugly thing
 10384 | D:9      | Killed a white ugly thing
 10560 | D:10     | Entered Level 10 of the Dungeon
 10809 | D:10     | Found a staircase to the Lair.
 11272 | D:10     | Found a portal to a secret trove of treasure.
 11504 | D:11     | Noticed a six-headed hydra
 11517 | D:11     | Killed an 11-headed hydra
 11568 | D:11     | Noticed a brown ugly thing
 11582 | D:11     | Killed a brown ugly thing
 11605 | D:11     | HP: 5/102 [orc priest/divine providence (8)]
 11614 | D:11     | HP: 3/102 [orc warrior/+0 long sword (4)]
 11617 | D:11     | Slain by an orc warrior

Skill      XL: |  1  2  3  4  5  6  7  8  9 10 11 |
---------------+----------------------------------+-----
Armour         | 1 2 3 4 5 7 8 9 |  9.9
Fighting       | 4 5 6 7 9 10 11 | 11.3
Axes           | 5 6 7 9 10 12 13 14 | 14.6
Invocations    | 5 7 |  7.7
Dodging        | |  2.4
Stealth        | |  1.5

Action                   |  1- 3 |  4- 6 |  7- 9 | 10-12 || total
-------------------------+-------+-------+-------+-------++-------
Melee: Hand axe          |   138 |    28 |       |       ||   166
       War axe           |       |   203 |   521 |   426 ||  1150
Invok: Convert to Beogh  |       |       |     1 |       ||     1
Evoke: Wand              |       |       |       |     5 ||     5
  Use: Scroll            |     3 |     5 |       |     7 ||    15
       Potion            |       |     2 |     1 |       ||     3
 Stab: Sleeping          |     2 |       |       |       ||     2
       Invisible         |       |     2 |       |       ||     2
  Eat: Ration            |       |     4 |     6 |     1 ||    11
       Chunk             |       |       |       |     6 ||     6
Armor: Robe              |    11 |       |       |       ||    11
       Scale mail        |    37 |    32 |       |       ||    69
       Plate armour      |       |   112 |   286 |   237 ||   635
Dodge: Dodged            |    98 |    81 |   149 |   108 ||   436
Block: Other             |       |     6 |    52 |    51 ||   109
